woodfighter, neutral female human Healer ----- ------ |...| +....| |....# |.....#### ----------- |...|# .....| ## .........<| #....|# ----.- # |.........| ###|..[|# ## ######..........| # -----# # |.........| ### # ### |.........| # # # # # # -.--------- ############################# ###### # # # #### + # ##r ## -@- + .... |..... |>$...| |.....+ ------- woodfighter the Embalmer Experience level: 6 Strength: 12 Dexterity: 8 Constitution: 14 Intelligence: 11 Wisdom: 16 Charisma: 17 Health: 0(49) Energy: 28(33) Def: 5 Gold: 145 Moves: 3671 Dungeon seed: j8f8RjY_jBC4risx Game ID: woodfighter_1509297526 Your Inventory: Coins $ - 145 gold pieces Weapons a - a +0 scalpel C - a +0 spear (weapon in hand) P - 3 +0 knives (in quiver) Armor e - an uncursed +1 pair of leather gloves (being worn) q - an uncursed +0 leather armor (being worn) r - an uncursed +1 mummy wrapping y - an uncursed +0 dwarvish cloak (being worn) z - a cursed -1 pair of levitation boots N - an uncursed +0 pair of water walking boots (being worn) Comestibles i - an uncursed lembas wafer j - 6 blessed eucalyptus leaves k - 3 blessed sprigs of wolfsbane l - an uncursed tin of garter snake meat m - 2 uncursed apples Wands f - a wand of sleep (0:6) S - a wand of striking (0:2) W - a wand of create monster (0:11) Tools b - an uncursed stethoscope s - an uncursed sack u - an uncursed towel R - an uncursed credit card Gems n - an uncursed luckstone Contents of the sack: 1855 gold pieces a [uncursed] scroll of destroy armor a [uncursed] scroll of enchant weapon a [uncursed] scroll of identify a [cursed] scroll of remove curse 3 [uncursed] scrolls of scare monster a [uncursed] scroll of scare monster a [uncursed] spellbook of cure sickness a [uncursed] spellbook of dig a blessed spellbook of extra healing a blessed spellbook of healing a [uncursed] spellbook of healing a [uncursed] spellbook of invisibility a [uncursed] spellbook of restore ability a blessed spellbook of stone to flesh 4 uncursed potions of extra healing a [uncursed] potion of fruit juice a [blessed] potion of hallucination 2 [uncursed] potions of hallucination 4 uncursed potions of healing a [uncursed] potion of speed Spells and supernatural/magical abilities: Name Level Category Fail Memory h - healing 1 healing 0% 82% x - extra healing 3 healing 14% 82% S - stone to flesh 3 healing 30% 82% W - pray for help -- divine ? -- Your skills at the end: Miscellaneous Skills wands [Basic] Weapon Skills knife [Basic] spear [Basic] Spellcasting Skills healing spells [Basic] Final Attributes: You were devoutly aligned. You were poison resistant. You were telepathic. You could walk on water. You were lucky. You had extra luck. Bad luck did not time out for you. Good luck did not time out for you. You are dead. Vanquished creatures: a large mimic a dust vortex 2 shriekers a kobold mummy a gray ooze a giant ant a floating eye a kitten an iguana 2 rothes a centipede a giant bat an orc zombie 5 killer bees 2 hobbits a large kobold 3 geckos a hobgoblin 2 giant rats a cave spider 2 yellow molds a gnome 3 garter snakes 5 jackals 2 kobolds 4 newts 5 goblins 2 sewer rats 6 grid bugs 2 bats 3 lichens a kobold zombie 66 creatures vanquished. Voluntary challenges: You did not adorn yourself with jewelry or accessories. You did not cause conflict. You were not invisible. You did not have reflection. You were not displaced. You had been an atheist until turn 2945. You used a wielded weapon 153 times, starting on turn 3. You did not apply a unicorn horn. You did not use plumbed fixtures. You did not drink any magical draughts. You were illiterate. You never genocided any monsters. You never polymorphed an object. You never changed form. You used no wishes. You never split a pudding. You never wrote Elbereth's name. You never violated your personal moral code. Dungeon overview: The Dungeons of Doom: levels 1 to 7 Level 1 a long staircase Level 2 an armor shop, a fountain Level 3 a sink stairs to The Gnomish Mines Level 4 a weapon shop Level 5 some fountains Level 6 many fountains Level 7 <- You were here The Gnomish Mines: Level 4 stairs to The Dungeons of Doom History has recorded: On T:1 you entered the Dungeons of Doom to retrieve the Amulet of Yendor! On T:178 you reached level 2 of The Dungeons of Doom. On T:584 you reached level 3 of The Dungeons of Doom. On T:663 you advanced to experience level 2. On T:1036 you reached level 1 of The Gnomish Mines. On T:1055 you reached level 4 of The Dungeons of Doom. On T:1134 you advanced to experience level 3. On T:1313 you reached level 5 of The Dungeons of Doom. On T:1536 you advanced to experience level 4. On T:1909 you advanced to experience level 5. On T:2402 you reached level 6 of The Dungeons of Doom. On T:2945 you prayed to Hermes. On T:3111 you advanced to experience level 6. On T:3380 you reached level 7 of The Dungeons of Doom. Score breakdown: Gold: 586 ( 58 points) Experience: 6 levels ( 500 points) Exploration: 7 levels ( 180 points) Discoveries: 18 items ( 900 points) Variety of kills: 32 monsters ( 1600 points) Major goal: (nothing yet) ( 0 points) Survival: died (score multiplied by 3) Total score: 9714 Latest messages: You drop a bag called not holding. Your movements are now unencumbered. You feel a bit steadier now. You stop searching. s - a bag called not holding. You rebalance your load. Movement is difficult. There is nothing here to pick up. You stop exploring. You jab the rabid rat. The rabid rat is lightly wounded. The rabid rat bites! (2x) You miss the rabid rat. The rabid rat bites! (2x) You jab the rabid rat. The rabid rat is lightly wounded. The rabid rat misses. (2x) The rabid rat bites! You jab the rabid rat. The rabid rat is moderately wounded. The rabid rat bites! The rabid rat's bite was poisoned, but it doesn't affect you. The rabid rat bites! You miss the rabid rat. The rabid rat misses. The rabid rat bites! (2x) You die... Final status: Goodbye woodfighter the Healer, killed by a rabid rat... You died in The Dungeons of Doom on dungeon level 7 with 9714 points, and 2000 pieces of gold, after 3671 moves. You were level 6 with a maximum of 49 hit points when you died.